 Dungeon Crawl Stone Soup version 0.30-a0-996-ga6910c8ee8 (webtiles) character file.

Game seed: 5075948582553483915

37162 Monkooky the Alchemist (level 13, -23/61 HPs)
             Began as a Spriggan Artificer on Apr 4, 2023.
             Was an Initiate of Gozag.
             Killed from afar by Jorgrun (35 damage)
             ... with a blast of rock fragments
             ... on level 1 of the Orcish Mines.
             The game lasted 01:45:20 (21827 turns).

Monkooky the Alchemist (Spriggan Artificer)        Turns: 21827, Time: 01:45:21

Health: -23/61     AC: 11    Str:  8    XL:     13   Next: 56%
Magic:  19/28      EV: 36    Int: 16    God:    Gozag
Gold:   4108       SH:  0    Dex: 23    Spells: 10/33 levels left

rFire   . . .      SeeInvis +    n - +6 quick blade (venom)
rCold   . . .      Faith    .    (no shield)
rNeg    . . .      Spirit   .    M - +2 robe {Archmagi}
rPois   .          Reflect  .    f - +0 hat
rElec   .          Rampage  .    c - +2 cloak
rCorr   .          Archmagi +    (gloves unavailable)
Will    ++...                    (boots unavailable)
Stlth   +++                      V - amulet of the acrobat
HPRegen 0.30/turn                k - +4 ring of protection
MPRegen 0.21/turn                b - +6 ring of dexterity

@: vertiginous, acrobatic, very quick
A: very small, no large weapons, unfitting armour, see invisible, speed 3
a: Renounce Religion, Potion Petition, Call Merchant, Bribe Branch


You were on level 1 of the Orcish Mines.
You worshipped Gozag.
Gozag was most pleased with you.
You visited 4 branches of the dungeon, and saw 18 of its levels.
You also visited: Sewer and Bailey.

You collected 4165 gold pieces.
You paid 57 gold pieces to Gozag.

Inventory:

Hand Weapons
 n - a +6 quick blade of venom (weapon)
Missiles
 h - 4 atropa-tipped darts
 u - 4 datura-tipped darts
 F - 11 curare-tipped darts
 H - 51 poisoned darts (quivered)
 J - 13 boomerangs
 O - a throwing net
Armour
 c - a +2 cloak (worn)
 f - a +0 hat (worn)
 w - a +2 robe of willpower
 M - a +2 robe of the Archmagi (worn)
Magical Staves
 R - a staff of earth
Jewellery
 b - a +6 ring of dexterity (right hand)
 k - a +4 ring of protection (left hand)
 r - a ring of positive energy
 G - a ring of magical power
 V - an amulet of the acrobat (around neck)
 W - a ring of protection from cold
 Y - a +5 ring of evasion
Wands
 d - a wand of charming (12)
 e - a wand of iceblast (9)
 x - a wand of polymorph (9)
 y - a wand of light (7)
 K - a wand of paralysis (5)
 N - a wand of digging (3)
 S - a wand of flame (12)
Scrolls
 g - 3 scrolls of magic mapping
 i - 3 scrolls of immolation
 j - 3 scrolls of torment
 l - 3 scrolls of teleportation
 m - 2 scrolls of amnesia
 p - 2 scrolls of fear
 q - 5 scrolls of blinking
 s - 2 scrolls of vulnerability
 t - 4 scrolls of fog
 L - 2 scrolls of brand weapon
 U - a scroll of poison {unknown}
 X - a scroll of butterflies {unknown}
Potions
 a - a potion of ambrosia
 o - 6 potions of haste
 v - 8 potions of curing
 z - 3 potions of flight {unknown}
 A - 3 potions of heal wounds
 B - 3 potions of mutation {unknown}
 C - 2 potions of lignification {unknown}
 D - 4 potions of attraction {unknown}
 E - 5 potions of magic {unknown}
 I - 2 potions of cancellation {unknown}
 P - a potion of might {unknown}
 Q - 2 potions of resistance {unknown}
Miscellaneous
 T - a phantom mirror


   Skills:
 - Level 4.0 Fighting
 - Level 8.0 Short Blades
 - Level 4.9 Throwing
 - Level 9.9 Dodging
 - Level 4.4 Stealth
 - Level 10.7 Spellcasting
 - Level 5.1 Conjurations
 - Level 8.1 Hexes
 - Level 2.6 Summonings
 - Level 15.0 Transmutations
 - Level 4.3 Earth Magic
 - Level 5.0 Poison Magic
 - Level 2.4 Invocations
 + Level 7.6 Evocations


You had 10 spell levels left.
You knew the following spells:

 Your Spells              Type           Power      Damage    Failure   Level
a - Irradiate             Conj/Tmut      28%        3d21      9%          5
b - Summon Guardian Gole  Hex/Summ       38%        N/A       7%          3
c - Confusing Touch       Hex            51%        N/A       3%          3
d - Call Canine Familiar  Summ           25%        N/A       17%         3
e - Petrify               Tmut/Erth      56%        N/A       4%          4
f - Alistair's Intoxicat  Tmut/Pois      38%        N/A       9%          5

Your spell library contained the following spells:

 Spells                   Type           Power      Damage    Failure   Level
 Slow                     Hex            100%       N/A       1%          1
 Portal Projectile        Hex/Tloc       64%        N/A       11%         3
 Leda's Liquefaction      Hex/Erth       21%        N/A       14%         4
 Apportation              Tloc           24%        N/A       17%         1
 Freeze                   Ice            48%        1d6       17%         1
 Hailstorm                Conj/Ice       25%        3d7       17%         3
 Lesser Beckoning         Tloc           24%        N/A       24%         2
 Sublimation of Blood     Necr           12%        N/A       24%         2
 Frozen Ramparts          Ice            24%        1d4       41%         3
 Gell's Gravitas          Tloc           12%        N/A       41%         3
 Teleport Other           Tloc           12%        N/A       41%         3
 Vampiric Draining        Necr           12%        2d6       41%         3
 Haunt                    Necr/Summ      9%         N/A       100%        7
 Orb of Destruction       Conj           18%        9d8       100%        7
 Spellforged Servitor     Conj/Summ      15%        N/A       100%        7
 Infestation              Necr           6%         N/A       100%        8
 Animate Dead             Necr           Unusable   N/A       N/A         4

Dungeon Overview and Level Annotations

Branches:
Dungeon (12/15)            Temple (1/1) D:6            Lair (4/5) D:9
 Shoals (0/4) Lair:2        Snake (0/4) Lair:3          Orc (1/2) D:11
  Sewer (visited)          Bailey (visited)
  Slime: Lair:4-5

Altars:
Cheibriados
Elyvilon
Fedhas
Gozag
Hepliaklqana
Kikubaaqudgha
Nemelex Xobeh
Okawaru
Qazlal
Ru
Sif Muna
Trog
Uskayaw
Wu Jian
Yredelemnul
Zin

Shops:
D:6 (

Annotations:
D:4 exclusion: downstairs
D:8 exclusion: downstairs
D:10 1 runed translucent door, jtron's ghost, novice DsMo
Lair:1 1 runed translucent door
Lair:2 exclusion: downstairs, Urug
Orc:1 Jorgrun


Innate Abilities, Weirdness & Mutations

You are very small and have problems with some larger weapons.
You are too small for most types of armour.
You have supernaturally acute eyesight. (SInv)
You cover ground extremely quickly. (Speed+++)


Message History

The grasping roots constrict you!
Casting: Alistair's Intoxication (dangerous; 3% risk of failure)
Confirm with . or Enter, or press ? or * to list all spells.
Casting: Alistair's Intoxication (dangerous; 3% risk of failure)
Press: ? - help, Dir - look around, f - activate You feel a surge of power!
You attempt to intoxicate your foes!
Jorgrun gestures next to you while chanting.
The wall shatters!
The blast of rock fragments hits you but does no damage.
The grasping roots constrict you!
You hear a shout!
Casting: Alistair's Intoxication (dangerous; 3% risk of failure)
Confirm with . or Enter, or press ? or * to list all spells.
Casting: Alistair's Intoxication (dangerous; 3% risk of failure)
Press: ? - help, Dir - look around, f - activate You feel a surge of power!
You attempt to intoxicate your foes!
Jorgrun looks rather confused.
The world spins around you! The grasping roots constrict you!
The roots grasp on you weakens, but your attempt to escape fails.
The grasping roots constrict you.
* * * LOW HITPOINT WARNING * * *
You hit Jorgrun.
Jorgrun is poisoned.
Jorgrun is lightly wounded.
You strike the helpless Jorgrun from behind!
You impale Jorgrun!!
Jorgrun is moderately wounded.
You hit Jorgrun.
Jorgrun looks as sick as possible!
Jorgrun is moderately wounded.
You puncture Jorgrun!
Jorgrun looks as sick as possible!
Jorgrun is heavily wounded.
The grasping roots constrict you.
* * * LOW HITPOINT WARNING * * *
You escape the roots grasp.
Jorgrun seems less confused.
Jorgrun casts a spell next to you.
The wall shatters!
The blast of rock fragments hits you!!
Ouch! That really hurt!
You die...
Your body crumbles into a pile of gold.

......><#.###
........##..##
.............#
...#........##
$............#
.$..........## #
.^......$...# .##
............#...#
#.....$.#.@...#
....#....#.g...#
.........#.#..##
...#.........#
..####...##.## $
#...# ## ##.## ##


You could see Jorgrun (extremely poisoned).

Vanquished Creatures
  Gastronok (Lair:1)
  A hydra (Lair:4)
  A boulder beetle (D:11)
  2 two-headed ogres
  A death yak (D:9)
  A cyclops (D:11)
  An ugly thing (D:11)
  2 manticores (D:12)
  6 elephants
  A gargoyle (D:11)
  11 cane toads
  4 komodo dragons
  An unseen horror (D:11)
  A kobold demonologist (D:10)
  A tengu conjurer (D:10)
  A rime drake (Lair:1)
  2 polar bears (Lair:3)
  4 trolls
  9 blink frogs
  Sigmund (D:3)
  45 yaks
  3 basilisks
  2 wyverns (Lair:3)
  2 wraiths
  A human (Lair:1)
  A steam dragon (D:10)
  4 vampire mosquitoes (D:11)
  An acid dragon (D:12)
  Edmund (D:4)
  15 water moccasins
  6 orc warriors
  An ogre (D:7)
  3 wolves (Lair:3)
  4 centaurs
  A phantom (D:5)
  9 kobold brigands
  7 bullfrogs
  A gnoll sergeant (D:6)
  8 killer bees
  An electric eel (Lair:1)
  6 howler monkeys
  2 hounds (D:6)
  8 orc priests
  3 jellies (Sewer)
  A gnoll bouda (D:5)
  3 iguanas
  A sleepcap (D:4)
  2 hell rats (Lair:3)
  12 orc wizards
  10 adders
  7 gnolls
  A white imp (D:7)
  2 ufetubi
  2 worms (D:2)
  4 dart slugs
  38 orcs
  9 endoplasms
  8 giant cockroaches
  9 goblins
  13 hobgoblins
  2 jackals (D:3)
  2 quokkas
  18 ball pythons
  4 bats
  5 frilled lizards
  30 kobolds
  14 rats
384 creatures vanquished.

Vanquished Creatures (collateral kills)
  A blink frog (Lair:2)
  A yak (Lair:1)
  A kobold brigand (Bailey)
  An orc priest (D:7)
  An orc wizard (D:4)
  A shadow imp (D:7)
  2 orcs
  A kobold (Bailey)
9 creatures vanquished.

Vanquished Creatures (others)
  A hydra (Lair:3)
  2 death yaks (D:9)
  Pikel (D:7)
  Grinder (D:6)
  14 yaks
  Menkaure (D:7)
  3 nagas (Lair:3)
  2 orc warriors
  An ogre (D:6)
  2 centaurs
  3 kobold brigands
  A bullfrog (D:7)
  A scorpion (D:6)
  6 wights
  3 jellies
  A hound (D:6)
  2 gnoll boudas
  2 orc priests
  4 orc wizards
  2 hell rats (Lair:3)
  9 gnolls
  An adder (D:5)
  A white imp (D:6)
  2 kobolds (D:5)
  12 fungi
  11 plants
89 creatures vanquished.

Grand Total: 482 creatures vanquished

Notes
Turn   | Place    | Note
-------+----------+-------------------------------------------
     0 | D:1      | Monkooky the Spriggan Artificer began the quest for the
                  | Orb.
     0 | D:1      | Reached XP level 1. HP: 9/9 MP: 2/2
   238 | D:1      | Reached XP level 2. HP: 14/14 MP: 3/3
   455 | D:1      | Reached skill level 5 in Evocations
   933 | D:2      | Reached XP level 3. HP: 17/17 MP: 4/4
  1282 | D:2      | Reached XP level 4. HP: 13/21 MP: 5/5
  1559 | D:2      | Reached skill level 5 in Dodging
  1658 | D:3      | Reached XP level 5. HP: 25/25 MP: 6/6
  1722 | D:3      | Found a faded altar of an unknown god.
  1747 | D:3      | Prayed at the altar of an unknown god.
  1747 | D:3      | Became a worshipper of Elyvilon the Healer
  1747 | D:3      | Reached * piety under Elyvilon
  1843 | D:3      | Noticed Sigmund
  1850 | D:3      | Killed Sigmund
  1851 | D:3      | Reached XP level 6. HP: 23/29 MP: 7/7
  1900 | D:3      | Reached skill level 1 in Fighting
  2152 | D:4      | Noticed an orc warrior
  2211 | D:4      | Killed an orc warrior
  2338 | D:4      | Reached ** piety under Elyvilon
  2740 | D:4      | Reached XP level 7. HP: 26/36 MP: 8/8
  3045 | D:4      | Noticed Edmund
  3096 | D:4      | Killed Edmund
  3271 | D:4      | Found a shimmering blue altar of Sif Muna.
  3684 | D:5      | Entered Level 5 of the Dungeon
  3776 | D:5      | Found a hide-covered altar of Uskayaw.
  3879 | D:4      | Reached skill level 1 in Invocations
  4039 | D:5      | Learned a level 5 spell: Irradiate
  4061 | D:5      | Reached *** piety under Elyvilon
  4158 | D:5      | Reached skill level 1 in Transmutations
  4292 | D:5      | Reached skill level 2 in Transmutations
  4356 | D:5      | Reached skill level 1 in Spellcasting
  4360 | D:5      | Learned a level 3 spell: Summon Guardian Golem
  4558 | D:5      | Reached skill level 1 in Hexes
  4711 | D:5      | Reached skill level 1 in Summonings
  4881 | D:5      | Reached XP level 8. HP: 40/42 MP: 10/10
  5796 | D:6      | Found an ornate altar of the Wu Jian Council.
  5897 | D:6      | Identified the +1 leather armour of Experimentation
                  | {Slay+4}
  5964 | D:6      | Found a staircase to the Ecumenical Temple.
  5966 | D:6      | Noticed Grinder
  5982 | D:6      | Killed Grinder
  5983 | D:6      | Reached skill level 5 in Hexes
  5986 | Temple   | Entered the Ecumenical Temple
  6046 | Temple   | Fell from the grace of Elyvilon
  6046 | Temple   | Became a worshipper of Gozag Ym Sagoz the Greedy
  6163 | D:6      | Found Hoghir's Antique Weapon Shop.
  6433 | D:6      | Found a glowing drain.
  6437 | Sewer    | Entered a sewer
  6776 | Sewer    | Reached skill level 5 in Spellcasting
  6813 | Sewer    | Found a shimmering altar of Xom.
  7187 | D:7      | Reached XP level 9. HP: 43/45 MP: 16/18
  7197 | D:7      | Learned a level 3 spell: Confusing Touch
  7218 | D:7      | Learned a level 3 spell: Call Canine Familiar
  7302 | D:7      | Found a bloodstained altar of Trog.
  7313 | D:7      | Noticed Pikel
  7345 | D:7      | Killed Pikel
  7586 | D:7      | Noticed Menkaure
  7598 | D:7      | Killed Menkaure
  7599 | D:7      | Reached skill level 3 in Transmutations
  7726 | D:7      | Reached skill level 4 in Transmutations
  7798 | D:7      | Reached skill level 5 in Transmutations
  7889 | D:7      | Reached skill level 6 in Transmutations
  8082 | D:7      | Found a hazy altar of Hepliaklqana.
  8328 | D:8      | Learned a level 4 spell: Petrify
  8466 | D:8      | Reached skill level 7 in Transmutations
  8527 | D:8      | Reached skill level 1 in Earth Magic
  9557 | D:8      | Reached XP level 10. HP: 49/49 MP: 6/19
  9586 | D:8      | Reached skill level 1 in Conjurations
  9596 | D:8      | Reached skill level 8 in Transmutations
  9826 | D:8      | Identified a scroll of acquirement
  9827 | D:8      | Acquired a +3 quick blade of venom
 10226 | D:9      | Found a flagged portal.
 10256 | Bailey   | Entered a bailey
 10309 | Bailey   | Reached skill level 1 in Short Blades
 10707 | Bailey   | Found a bloodstained altar of Trog.
 10714 | Bailey   | Identified the +0 scale mail "Taps" {rPois Will- Int+7
                  | Stlth+}
 11019 | D:9      | Reached skill level 5 in Short Blades
 11212 | D:9      | Found a sparkling altar of Nemelex Xobeh.
 11384 | D:9      | Found a staircase to the Lair.
 11384 | D:9      | Noticed a death yak
 11434 | D:9      | Killed a death yak
 11439 | D:9      | Reached skill level 9 in Transmutations
 11480 | D:9      | Reached XP level 11. HP: 44/53 MP: 17/21
 11480 | D:9      | Noticed a death yak
 11486 | D:9      | Noticed a death yak
 11518 | D:9      | Killed a death yak
 11519 | D:9      | Reached skill level 10 in Transmutations
 11544 | D:9      | Killed a death yak
 11545 | D:9      | Reached skill level 11 in Transmutations
 11846 | D:9      | Reached skill level 1 in Poison Magic
 11856 | D:9      | Learned a level 5 spell: Alistair's Intoxication
 12315 | Lair:1   | Entered Level 1 of the Lair of Beasts
 12344 | Lair:1   | Reached skill level 1 in Throwing
 12379 | Lair:1   | Noticed Gastronok
 12398 | Lair:1   | Killed Gastronok
 13271 | Lair:1   | Reached XP level 12. HP: 58/58 MP: 21/25
 13987 | Lair:1   | Found a runed translucent door.
 14003 | Lair:1   | Noticed a vampire mage
 14247 | Lair:2   | Reached skill level 12 in Transmutations
 14725 | Lair:2   | Found a staircase to the Shoals.
 14867 | Lair:2   | Reached skill level 5 in Conjurations
 15220 | Lair:2   | Noticed Urug
 15336 | Lair:2   | Reached skill level 13 in Transmutations
 15949 | Lair:3   | Reached skill level 10 in Spellcasting
 15959 | Lair:3   | Reached skill level 14 in Transmutations
 16856 | Lair:3   | Noticed a four-headed hydra
 16884 | Lair:3   | Killed a four-headed hydra
 17364 | Lair:3   | Reached XP level 13. HP: 56/61 MP: 14/28
 17469 | Lair:3   | Found a staircase to the Snake Pit.
 18009 | Lair:4   | Reached skill level 15 in Transmutations
 18128 | D:10     | Entered Level 10 of the Dungeon
 18190 | D:10     | Identified the +2 hand axe of the Unkillable {venom, Contam
                  | Fly rF+}
 18728 | D:10     | Found a runed translucent door.
 18730 | D:10     | Noticed jtron's ghost (novice DsMo)
 19415 | D:11     | Reached skill level 5 in Poison Magic
 19762 | D:11     | Found a staircase to the Orcish Mines.
 21795 | Orc:1    | Entered Level 1 of the Orcish Mines
 21811 | Orc:1    | Noticed Jorgrun
 21827 | Orc:1    | Killed from afar by Jorgrun

Illustrated notes

Levels and vault maps discovered:
D:1:      lightli_arrival_noodles, layout_basic,
          hangedman_abyss_or_decor_lesser_grid
D:2:      layout_basic, minmay_fountain_box
D:3:      layout_rooms, hellmonk_ecumenical_altar_dog_temple, uniq_sigmund
D:4:      layout_layer_cave, kennysheep_mini, nrook_mini_vaults, uniq_edmund
D:5:      cheibrodos_thug_alley, layout_basic, nicolae_uskayaw_dance_hall
D:6:      layout_basic, mainiacjoe_overflow_catwalk,
          minmay_temple_entry_large_hall, gup_sewer_entry_bowl, serial_shops,
          shop, uniq_grinder
D:7:      layout_basic, nzn_hepliaklqana_mist_gate,
          mainiacjoe_overflow_small_starburst, uniq_menkaure, uniq_pikel
D:8:      layout_loops_corners, serial_rivers, chequers_serial_rivers_small_b,
          chequers_serial_rivers_micro_c, chequers_serial_rivers_micro_d,
          chequers_serial_rivers_micro_a, chequers_serial_rivers_small_3
D:9:      layout_basic, nemelex_xobeh_ov_fountains_minmay, dpeg_lair_monsters,
          enter_bailey_5, grunt_ministairs_4
D:10:     layout_basic, gammafunk_ghost_grave
D:11:     layout_basic, orc_0_dummy
D:12:     layout_grid_maze
Temple:   regret_index_temple_sphere_string
Lair:1:   layout_gridlike, pdpol_lair_cabin_in_the_woods, uniq_gastronok
Lair:2:   layout_roguey, shoals_dummy_entry, st_stairs_9,
          infiniplex_staircase_pool_2, uniq_urug
Lair:3:   layout_regular_city, nicolae_snake_entry_squirm,
          dreamdust_mushroom_princess
Lair:4:   layout_roguey, minmay_slime_entry_pillars, eino_house_with_fridge,
          grunt_megastairs_1
Orc:1:    layout_caves, uniq_jorgrun

Skill      XL: |  1  2  3  4  5  6  7  8  9 10 11 12 13 |
---------------+----------------------------------------+-----
Evocations     | 5 7 |  7.6
Dodging        | 4 5 7 9 |  9.9
Fighting       | 3 4 |  4.0
Invocations    | 2 |  2.4
Transmutations | 2 7 9 11 14 15 | 15.0
Spellcasting   | 1 5 6 8 10 | 10.7
Hexes          | 2 5 8 |  8.1
Summonings     | 1 2 |  2.6
Earth Magic    | 3 4 |  4.3
Conjurations   | 1 3 5 |  5.1
Short Blades   | 8 |  8.0
Poison Magic   | 2 5 |  5.0
Stealth        | 4 |  4.4
Throwing       | 4 |  4.9

Action                     |  1- 3 |  4- 6 |  7- 9 | 10-12 | 13-15 || total
---------------------------+-------+-------+-------+-------+-------++-------
  Melee: Spear             |   191 |   187 |   286 |       |       ||   664
         Punch             |     2 |     1 |     7 |    20 |     3 ||    33
         Dagger            |       |       |   236 |    19 |       ||   255
         Quick blade       |       |       |       |   740 |   332 ||  1072
         Staff             |       |       |       |       |     1 ||     1
  Throw: Dart              |       |     9 |   100 |    15 |     3 ||   127
   Cast: Summon Guardian G |       |       |    32 |    21 |     2 ||    55
         Confusing Touch   |       |       |     5 |    12 |       ||    17
         Petrify           |       |       |     5 |    94 |    30 ||   129
         Call Canine Famil |       |       |     4 |     7 |     1 ||    12
         Irradiate         |       |       |       |    10 |     9 ||    19
         Alistair's Intoxi |       |       |       |     1 |     4 ||     5
 Invoke: Purification      |       |       |     4 |       |       ||     4
         Heal Self         |       |       |     1 |       |       ||     1
         Heal Other        |       |       |     1 |       |       ||     1
  Evoke: Wand              |     2 |    12 |     5 |       |       ||    19
    Use: Scroll            |       |     2 |     4 |    14 |     2 ||    22
         Potion            |       |       |     3 |       |     1 ||     4
   Stab: Sleeping          |     8 |     4 |     5 |     4 |     6 ||    27
         Distracted        |       |       |     2 |     3 |     2 ||     7
         Petrified         |       |       |    11 |    61 |    29 ||   101
         Confused          |       |       |     2 |     7 |     6 ||    15
         Petrifying        |       |       |     1 |    58 |     7 ||    66
 Armour: Robe              |    20 |    15 |    62 |    38 |    21 ||   156
  Dodge: Dodged            |   117 |   142 |   400 |   289 |   153 ||  1101

Table legend: (Time is in decaauts)
 A = Elapsed time spent in this place.
 B = Non-inter-level travel time spent in this place.
 C = Inter-level travel time spent in this place.
 D = Time resting spent in this place.
 E = Time spent auto-exploring this place.
 F = Levels seen in this place.
 G = Mean time per level.
                   A        B        C        D        E       F      G
               +--------+--------+--------+--------+--------+-----+--------+
         Total |  16099 |  15483 |    616 |   1121 |   9874 |  20 |  805.0 |
       Dungeon |  10866 |  10380 |    486 |    511 |   6533 |  12 |  905.5 |
        Temple |     55 |     45 |     10 |      0 |     26 |   1 |   55.0 |
          Lair |   4278 |   4159 |    119 |    498 |   2891 |   4 | 1069.5 |
  Orcish Mines |     20 |     20 |      0 |      0 |     10 |   1 |   20.0 |
         Sewer |    431 |    431 |      0 |      0 |    228 |   1 |  431.0 |
        Bailey |    447 |    447 |      0 |    111 |    185 |   1 |  447.0 |
               +--------+--------+--------+--------+--------+-----+--------+

Top non-repeatable levels by time:
  Lair:2: 1673 daAuts
     D:8: 1520 daAuts
     D:5: 1445 daAuts
  Lair:1: 1324 daAuts
     D:4: 1276 daAuts
     D:9: 1157 daAuts
  Lair:3: 1074 daAuts
    D:11: 995 daAuts
     D:7: 898 daAuts
    D:12: 748 daAuts
    D:10: 659 daAuts
     D:1: 647 daAuts
     D:6: 584 daAuts
     D:2: 507 daAuts
  Bailey: 447 daAuts
